Map: Blackpink LE

Players

SamuraiFunn - Winner!

  • Race: Protoss Protoss
  • League: Platinum
  • Spawn Location: 7:00

A.I. 1 (Very Hard)

  • Race: Terran Terran
  • Spawn Location: 1:00

VOD

Have the link to the VOD?

Description

Time

  • Played on: Dec. 1, 2017, 10:25 p.m.
  • Length: 7:07
Show
View Real Time Build Order
Export as new Build Order

SamuraiFunn Protoss - Winner!

Build Orders:  

Get SALT Encoding   

  12  0:01  Probe  
  13  0:13  Probe  
  14  0:20  Pylon  
  14  0:26  Probe  
  15  0:39  Probe  
  16  0:47  Gateway  
  16  0:54  Probe, Pylon  
  17  1:06  Probe  
  18  1:13  Assimilator  
  18  1:18  Probe  
  19  1:24  Gateway  
  19  1:30  Probe  
  20  1:37  Cybernetics Core  
  20  1:42  Probe  
  21  1:57  Probe  
  22  2:02  Assimilator  
  22  2:09  Probe  
  23  2:17  Stalker  
  23  2:21  Probe  
  26  2:33  Warp Gate (Chrono Boost)  
  26  2:34  Probe  
  27  2:41  Pylon  
  27  2:46  Gateway  
  27  2:47  Stalker  
  29  2:52  Probe  
  30  3:03  Nexus  
  30  3:17  Stalker  
  32  3:25  Twilight Council  
  32  3:26  Stalker  
  34  3:35  Stalker  
  34  3:40  Probe  
  37  4:09  Gateway  
  37  4:11  Stalker  
  37  4:14  Pylon  
  39  4:18  Stalker  
  39  4:19  Stalker  
  43  4:32  Blink (Chrono Boost)  
  43  4:34  Probe x2  
  45  4:42  Stalker  
  47  4:49  Stalker  
  49  4:59  Probe x2  
  51  5:02  Stalker  
  53  5:11  Probe x2  
  53  5:13  Stalker  
  57  5:24  Stalker  
  57  5:26  Pylon  
  59  5:32  Stalker  
  49  6:00  Stalker x3  
  49  6:01  Stalker  
  51  6:37  Stalker x2  
  51  6:38  Stalker x2  
  59  6:45  Pylon  
  59  6:47  Gateway  
  59  6:49  Gateway  
Show
View Real Time Build Order
Export as new Build Order

A.I. 1 (Very Hard) Terran 

Build Orders:  

Get SALT Encoding   

  12  0:00  SCV  
  13  0:13  SCV  
  14  0:19  Supply Depot  
  14  0:25  SCV  
  15  0:40  SCV  
  16  0:43  Barracks  
  16  0:52  SCV  
  17  1:05  SCV  
  18  1:17  SCV, Supply Depot  
  19  1:23  Refinery  
  19  1:29  SCV, Marine  
  21  1:41  SCV  
  22  1:47  Marine  
  22  1:49  Refinery  
  22  1:53  SCV  
  24  2:05  SCV, Marine  
  26  2:17  SCV  
  26  2:22  Factory  
  27  2:23  Marine  
  27  2:29  SCV  
  29  2:39  Factory  
  29  2:41  SCV, Marine  
  31  2:44  Supply Depot  
  31  2:54  Orbital Command  
  31  3:06  Marine, Factory Tech Lab  
  32  3:19  SCV  
  33  3:23  Factory Tech Lab, Command Center, Marine  
  34  3:32  SCV  
  35  3:44  SCV  
  36  3:56  SCV  
  36  4:00  Barracks  
  37  4:08  SCV, Supply Depot  
  38  4:20  SCV  
  39  4:30  Siege Tank x2  
  45  4:32  SCV, Supply Depot  
  45  4:35  SCV, Marine  
  48  4:43  Supply Depot  
  48  4:44  SCV  
  49  4:47  SCV  
  50  4:56  SCV, Barracks  
  50  4:59  SCV  
  52  5:02  Siege Tank x2  
  52  5:03  Barracks Tech Lab, Marine  
  59  5:08  SCV  
  59  5:11  SCV  
  61  5:21  Marine  
  61  5:23  Marine  
  61  5:24  Starport  
  63  5:30  Command Center  
  63  5:40  Barracks Reactor  
  63  5:41  Marine  
  61  5:50  Marine  
  55  5:59  Marauder  
  55  6:01  Medivac  
  43  6:11  Marine  
  43  6:16  Marine  
  43  6:20  Marine  
  43  6:21  Marine  
  40  6:29  Marine  
  40  6:31  Medivac  
  39  6:35  Marine  
  39  6:39  Marauder  
  31  6:41  Marine  
  31  6:44  SCV x2  
  25  6:48  Barracks Tech Lab  
Tags
 
League
Platinum
Matchup
PvT
Replay Pack
First 100 games
Spawn Locations
Cross Positions
Add a new tag
Caveats
  • Supply blocks, unpowered buildings, or Contaminate may cause inaccurate times.
  • Supply counts are checked every 10 seconds.